 Dungeon Crawl Stone Soup version 0.17.0-26-gececa24 (console) character file.

210 gw the Cudgeler (level 5, -6/48 HPs)
             Began as a Deep Dwarf Gladiator on Nov 20, 2015.
             Was an Initiate of Ru.
             Mangled by an ogre
             ... wielding a +0 giant club
              (8 damage)
             ... on level 3 of the Dungeon.
             The game lasted 00:02:24 (1890 turns).

gw the Cudgeler (Deep Dwarf Gladiator)              Turns: 1890, Time: 00:02:24

Health: -6/48      AC:  6    Str: 17 (18) XL:     5   Next: 57%
Magic:  5/5        EV:  7    Int:  9      God:    Ru [......]
Gold:   109        SH:  0    Dex: 14      Spells: 0 memorised, 4 levels left

rFire  . . .     SeeInvis .     a - +0 flail
rCold  . . .     Clarity  .     h - +0 ring mail
rNeg   . . .     SustAt   .     (no shield)
rPois  .         Gourm    .     c - +0 helmet
rElec  .         Spirit   .     (no cloak)
rCorr  .         Warding  .     (no gloves)
rMut   .         Stasis   .     (no boots)
MR     .....                    (no amulet)
Stlth  +.........               (no ring)
                                (no ring)

@: non-regenerating, not resistant to hostile enchantments, very unstealthy
A: damage resistance, recharge devices, sense surroundings 1, slow regeneration
3
a: Device Recharging, Renounce Religion


You were on level 3 of the Dungeon.
You worshipped Ru.
Ru was noncommittal.
You were not hungry.

You visited 1 branch of the dungeon, and saw 3 of its levels.

You collected 109 gold pieces.

Inventory:

Hand Weapons
 a - a +0 flail (weapon)
Missiles
 d - 3 throwing nets
 k - 19 bolts
Armour
 c - a +0 helmet (worn)
 h - a +0 ring mail (worn)
Wands
 e - a wand of heal wounds (1)
Scrolls
 i - 3 scrolls of identify
 j - a scroll of enchant weapon {unknown}
Comestibles
 f - 5 bread rations
 g - a meat ration


   Skills:
 + Level 2.9 Fighting
 * Level 4.8 Maces & Flails
 - Level 1.7 Throwing
 + Level 2.6 Armour
 - Level 3.2 Dodging
 - Level 1.3 Evocations


You had 4 spell levels left.
You didn't know any spells.

Dungeon Overview and Level Annotations

Branches:
Dungeon (3/15)

Altars:
Ru


Innate Abilities, Weirdness & Mutations

You are resistant to damage.
You can recharge devices by infusing magical energy.
You passively map a small area around you.
You do not regenerate naturally.


Message History

MOVING TO (-2,1) MOVING TO (-1,0) MOVING TO (-1,0) MOVING TO (-1,0) MOVING TO (-1,0)
You see here a giant gecko corpse.
MOVING TO (-1,1) MOVING TO (-1,0) MOVING TO (-1,0) MOVING TO (-1,7)
The ogre hits you with a giant club!
MOVING TO (-1,6) MOVING TO (0,5) MOVING TO (0,4) MOVING TO (0,3) MOVING TO (0,2) MOVING TO (0,1)
There is an escape hatch in the ceiling here.
The ogre hits you with a giant club!
You die...

...###..............%..........#
.#......###.........#####......#
..##.[. ###.....### #......#
#.##.##* ####...## #......#
.....### #......# #......#
.......####%%....# ########
.....#....[......#
###########.....O# #.....g#
########


You could see an ogre.

Table legend:
 A = Turns spent in this place as a percentage of turns spent in the entire game.
 B = Non-inter-level travel turns spent in this place as a percentage of non-inter-level travel turns spent in the entire game.
 C = Inter-level travel turns spent in this place as a percentage of turns spent in this place.
 D = Turns resting spent in this place as a percentage of non-inter-level travel turns spent in this place.
 E = Turns spent auto-exploring this place as a percentage of non-inter-level travel turns spent in this place.
 F = Non-inter-level travel turns spent in this place divided by the number of levels of this place that you've seen.
                   A       B       C       D       E      F
               +-------+-------+-------+-------+-------+----------------------
         Total | 100.0 | 100.0 |   0.2 |   0.0 |   2.0 | 1587.0
       Dungeon | 100.0 | 100.0 |   0.2 |   0.0 |   2.0 | 1587.0
               +-------+-------+-------+-------+-------+----------------------

Table legend:
 A = Kills in this place as a percentage of kills in entire the game.
 B = Kills by you in this place as a percentage of kills by you in the entire game.
 C = Kills by friends in this place as a percentage of kills by friends in the entire game.
 D = Other kills in this place as a percentage of other kills in the entire game.
 E = Experience gained in this place as a percentage of experience gained in the entire game.
 F = Experience gained in this place divided by the number of levels of this place that you have seen.
                   A       B       C       D       E      F
               +-------+-------+-------+-------+-------+----------------------
         Total | 100.0 | 100.0 |  -nan |  -nan | 100.0 | 100.3
       Dungeon | 100.0 | 100.0 |  -nan |  -nan | 100.0 | 100.3
               +-------+-------+-------+-------+-------+----------------------

Vanquished Creatures
  An orc priest (D:3)
  Jessica (D:3)
  Natasha (D:3)
  A gnoll (D:1)
  7 adders
  A worm (D:3)
  4 orcs (D:3)
  8 bats
  5 goblins
  6 hobgoblins
  8 kobolds
  2 quokkas (D:3)
  2 giant geckos (D:3)
  A giant newt (D:1)
  10 rats
58 creatures vanquished.

Notes
Turn   | Place    | Note
--------------------------------------------------------------
     0 | D:1      | gw the Deep Dwarf Gladiator began the quest for the Orb.
     0 | D:1      | Reached XP level 1. HP: 19/19 MP: 1/1
   194 | D:1      | Reached XP level 2. HP: 20/26 MP: 2/2
   219 | D:1      | Reached skill level 1 in Armour
   299 | D:1      | Reached skill level 1 in Evocations
   700 | D:1      | Reached XP level 3. HP: 28/32 MP: 2/4
  1328 | D:2      | Found a sacrificial altar of Ru.
  1345 | D:2      | Became a worshipper of Ru the Awakened
  1439 | D:2      | Reached XP level 4. HP: 36/40 MP: 5/5
  1473 | D:3      | Reached skill level 4 in Maces & Flails
  1608 | D:3      | Reached XP level 5. HP: 28/46 MP: 6/6
  1679 | D:3      | Noticed Jessica
  1685 | D:3      | Noticed Natasha
  1729 | D:3      | Killed Natasha
  1738 | D:3      | Killed Jessica
  1776 | D:3      | Noticed an ogre
  1790 | D:3      | HP: 1/48 [ogre/giant club (18)]
  1883 | D:3      | HP: 2/48 [ogre/giant club (6)]
  1890 | D:3      | Mangled by an ogre

Action                   |  1- 3 |  4- 6 || total
-------------------------+-------+-------++-------
Melee: Flail             |   113 |   107 ||   220
 Abil: Device Recharging |       |     1 ||     1
Evoke: Wand              |     1 |     6 ||     7
  Use: Potion            |     2 |     2 ||     4
       Scroll            |     1 |     2 ||     3
 Stab: Sleeping          |     1 |       ||     1
  Eat: Chunk             |     2 |     2 ||     4

Vault maps used:
D:1:      dpeg_arrival_water_fire
D:2:      nicolae_ru_sacrificial_ziggurat
D:3:      first_bread, uniq_natasha, uniq_jessica
